Unix xNetHack Version 8.0.0 - last build Jan 15 2024 03:47:00 (be4d3c81716514284228e1a23197c27ddb32b841). Game began 2024-01-27 21:38:50, ended 2024-01-28 00:05:33. UmberConductor, lawful male human Monk ------------------------ |......................| |..-------------------.| ----.| ----- |.| |..|.-- --...| |.| |.....|--|..0.| |.| |.....|..|....| |.| --....|.....0-- |.| |.......|...| ------|.| |....|..|...| --|$2$$$|.| |....---|...| |.+$$$$2|.| |.......|..-- |-|12%%.|.| ----....|.-- |.-$$%%Hz@| ---.--.| |-|$$$$%|-- |.....| |.-$$2$.| |>.|..| --|$$$$1| ------- ------- UmberConductor the Initiate St:17 Dx:14 Co:15 In:10 Wi:16 Ch:11 Lawful S:23006 Dlvl:5 $:0 HP:0(77) Pw:39(65) AC:-1 Xp:9/4025 T:13045 Burdened Latest messages: Mia misses the giant rat. The crocodile bites! The crocodile claws you! You strike the crocodile! Mia drops a green gem. Mia swings his copper double-headed axe at the warg. Mia hacks the warg. The warg misses Mia. Mia picks up a green gem. The crocodile bites! The crocodile claws you! You kill the crocodile! The long worm bites! In what direction? . You feel better. Mia swings his copper double-headed axe at the raven. Mia lacerates the raven. The raven is killed! You strike the zruty! Mia swings his copper double-headed axe at it. Mia hits it. It bites Mia. The zruty claws you! The zruty claws you! The zruty bites! You hear some noises. In what direction? h The magic missile hits the zruty! The magic missile hits the long worm! You kill the long worm! The zruty claws you! The zruty hits! The zruty bites! In what direction? . You feel better. The zruty claws you! The zruty claws you! The zruty bites! You jab the zruty! Mia swings his copper double-headed axe at it. Mia misses it. You strike the zruty! The zruty claws you! The zruty claws you! The zruty bites! The zruty claws you! The zruty claws you! The zruty bites! You die... Do you want your possessions identified? q Inventory: Inventory: 1001/935 weight (27/52 slots) Weapons (')') t - an uncursed +5 dagger named Hungry Dagger {10} v - 5 uncursed +0 wooden orcish spears (at the ready) {55} F - 3 uncursed +0 mithril spears {54} Armor ('[') b - an uncursed +1 robe (being worn) {12} D - a blessed +2 pair of cloth gloves (being worn) {5} E - an uncursed +0 T-shirt with text "I'm With Stupid -->" (being worn) {4} N - an uncursed +0 dwarvish helm (being worn) {30} X - an uncursed +0 pair of kicking boots (being worn) {38} Comestibles ('%') i - 2 uncursed pancakes {4} w - an uncursed lembas wafer {5} I - 2 uncursed food rations {40} R - an uncursed clove of garlic {1} Rings ('=') n - an uncursed +2 ring of increase accuracy (on left hand) {3} L - an uncursed ring of levitation {3} W - a blessed +2 ring of carrying (on right hand) {3} Wands ('/') a - an uncursed wand of digging (0:4) {7} j - an uncursed wand of cold (0:2) {7} p - an uncursed wand of teleportation (0:1) {7} s - an uncursed wand of fire (0:6) {7} B - an uncursed wand of sleep (0:4) {7} G - an uncursed wand of slow monster (0:5) {7} Tools ('(') k - an uncursed expensive camera (0:54) {12} l - an uncursed mithril lock pick {2} o - an uncursed sack containing 58 items {636} r - an uncursed magic lamp (lit) {20} U - an uncursed towel {2} V - an uncursed +0 unicorn horn {20} Contents of the sack: 6306 gold pieces an uncursed burnt +2 pair of leather gloves an uncursed +0 pair of bone dwarvish boots an uncursed +0 mummy wrapping an uncursed apple an uncursed orange an uncursed scroll of gold detection a cursed scroll of magic mapping an uncursed scroll of light 2 uncursed scrolls of blank paper an uncursed scroll of earth a blessed scroll of earth 2 uncursed scrolls of charging an uncursed scroll of confuse monster an uncursed scroll of create monster an uncursed scroll of teleportation a blessed spellbook of healing an uncursed spellbook of knock an uncursed spellbook of magic missile an uncursed spellbook of slow monster 2 uncursed potions of water an uncursed potion of paralysis an uncursed potion of full healing an uncursed potion of gain ability an uncursed potion of gain energy a cursed ring of teleportation an uncursed ring of poison resistance an uncursed ring of stealth an uncursed wand of create monster (0:12) an uncursed wand of create monster (0:10) a blessed wand of light (0:10) an uncursed wand of polymorph (0:1) a cursed wand of speed monster (0:5) an empty uncursed sack an empty uncursed sack an uncursed leather bag of tricks (0:11) a cursed horn of plenty (0:4) an uncursed skeleton key an uncursed mirror an uncursed oil lamp an uncursed gold lock pick an uncursed black opal an uncursed worthless piece of black glass 2 uncursed sapphires 2 uncursed worthless pieces of blue glass an uncursed aquamarine stone an uncursed worthless piece of green glass an uncursed emerald 2 uncursed jacinth stones an uncursed worthless piece of red glass a cursed worthless piece of red glass 2 uncursed worthless pieces of violet glass an uncursed opal 2 uncursed dilithium crystals an uncursed worthless piece of white glass 3 uncursed worthless pieces of yellow glass 3 uncursed worthless pieces of yellowish brown glass 2 uncursed touchstones UmberConductor the Monk's attributes: Background: You were an Initiate, a level 9 male human Monk. You were lawful, on a mission for Shan Lai Ching who was opposed by Chih Sung-tzu (neutral) and Huan Ti (chaotic). You were bisexual. You were in Sokoban, on level 5. You entered the dungeon 13045 turns ago. It was the midnight hour. There was a full moon in effect when your adventure ended. You had 4025 experience points, 1095 more were needed to attain level 10. Your score was 23006 before end-of-game adjustments. Basics: You had 0 out of 77 hit points. You had 39 out of 65 energy points (spell power). Your armor class was -1. Your wallet was empty, but you had 6306 zorkmids stashed away in your pack. Autopickup was on for '$"?+!=/' plus thrown, with exceptions. Final Characteristics: Your strength was 17 (limit:18/100). Your dexterity was 14 (limit:18). Your constitution was 15 (limit:18). Your intelligence was 10 (limit:18). Your wisdom was 16 (limit:18). Your charisma was 11 (limit:18). Final Status: You were not hungry. You were burdened; movement was slightly slowed. You were empty handed. You had expert skill with martial arts. Final Attributes: You were piously aligned. You were sleep resistant. You were poison resistant. You saw invisible. You were warned. You had automatic searching. You were stealthy. You had a small bonus to hit (+2). You had a small defense bonus (+3). You were guarded. You were fast. You were lucky. You are dead. Miscellaneous: You never encountered a bones level. Total elapsed playing time was 2 hours, 26 minutes and 43 seconds. Major events: Turn 1: UmberConductor the lawful male human Monk entered the dungeon 521: attained the rank of Novice (level 3) 1141: entered the Gnomish Mines 2325: attained the rank of Initiate (level 6) 2341: reached Mine Town 9771: entered Sokoban 10179: completed 1st Sokoban level 10892: completed 2nd Sokoban level 11586: completed 3rd Sokoban level 12938: completed 4th Sokoban level 13045: killed by a zruty Vanquished creatures: 2 giant mimics a long worm 4 wargs 4 small mimics a gelatinous cube a pyrolisk 2 gargoyles a red naga 3 carnivorous apes an ettin zombie a watchman a chameleon a crocodile 2 giant beetles 2 quivering blobs 3 cockatrices a wolf 2 winter wolf cubs 2 lynxes 3 leprechauns an iron piercer a giant spider a scorpion a black light 2 owlbears 2 yetis a gold golem a lizard a dog a jaguar 2 blue jellies a gray unicorn a dust vortex 4 ravens a snake an ape 2 soldier ants 4 fire ants 2 imps a wood nymph 6 Mordor orcs 2 rock piercers a rock mole 2 ponies a yellow light 5 gnome leaders 2 gnomish wizards a kobold mummy 2 gray oozes 4 straw golems a paper golem 6 giant ants a little dog 2 floating eyes 6 dwarves 2 homunculi 4 rothes a rabid rat 2 centipedes 3 giant bats 2 monkeys 2 werejackals 3 iguanas 5 killer bees an acid blob 3 coyotes a hobgoblin 2 giant rats 2 brown molds 3 yellow molds 2 green molds 2 red molds 25 gnomes 6 garter snakes 7 geckos 16 jackals 2 kobolds 3 goblins 2 sewer rats 8 grid bugs 7 lichens 2 kobold zombies 3 newts 232 creatures vanquished. No species were genocided or became extinct. Voluntary challenges: You followed a strict vegan diet. You never hit with a wielded weapon. You read items or engraved 19 times. You never genocided any monsters. You never polymorphed an object. You never changed form. You never touched an artifact. You used no wishes. You never scared an enemy with impunity. You were celibate. You never generated conflict. You did not violate any of the special Sokoban rules. Achievements: You attained the rank of Novice. You entered a shop. You entered the Gnomish Mines. You attained the rank of Initiate. You entered Minetown. You entered a temple. You entered Sokoban. Dungeon overview: The Dungeons of Doom: levels 1 to 10 Level 1: A fountain, a sink, a tree. Level 2: An armor shop. Stairs down to The Gnomish Mines. Level 3: A grave. Level 4: A tree. Level 5: A tool shop. Level 6: A general store, some fountains. Level 7: A fountain. Level 8: Many fountains. Oracle of Delphi. Level 9: Stairs up to Sokoban, level 8. Level 10: The Gnomish Mines: levels 3 to 6 Level 3: Level 4: Level 5: Many shops, a temple, many fountains. Level 6: Sokoban: levels 8 up to 5 Level 5: <- You were here. Solved. Final resting place for you, killed by a zruty. Level 6: Solved. Level 7: Solved. Level 8: Solved. Game over: __________ / \ / REST \ / IN \ / PEACE \ / \ | UmberConductor | | 6306 Au | | killed by a | | zruty | | | | | | 2024 | *| * * * | * _________)/\\_//(\/(/\)/\//\/|_)_______ Punardarsanaya UmberConductor the Monk... You died in Sokoban on dungeon level 5 with 22376 points, and 6306 pieces of gold, after 13045 moves. You were level 9 with a maximum of 77 hit points when you died.